 Dungeon Crawl Stone Soup version 0.28-a0-1567-g1695149f81 (webtiles) character file.

Game seed: 4139091845254906088

215 southernslant the Stinger (level 5, -3/30 HPs)
             Began as a Gargoyle Venom Mage on Jan 20, 2022.
             Slain by a gnoll (5 damage)
             ... on level 4 of the Dungeon.
             The game lasted 00:10:20 (5426 turns).

southernslant the Stinger (Gargoyle Venom Mage)     Turns: 5426, Time: 00:10:21

Health: -3/30      AC:  6    Str: 13    XL:     5   Next: 92%
Magic:  9/9        EV: 12    Int: 16    God:
Gold:   22         SH:  5    Dex: 10    Spells: 3/9 levels left

rFire   . . .      SeeInvis .   m - +0 eveningstar
rCold   . . .      Faith    .   (no shield)
rNeg    + . .      Spirit   .   a - +0 robe
rPois   ∞          Reflect  +   (no helmet)
rElec   +          Harm     .   (no cloak)
rCorr   .          Rampage  .   (no gloves)
Will    .....                   (no boots)
Stlth   ++........              o - amulet of reflection
HPRegen 0.10/turn               r - ring of wizardry
MPRegen 0.11/turn               (no ring)

@: no status effects
A: sickness immunity, AC +4, negative energy resistance 1, electricity
resistance, torment resistance 1, petrification resistance
a: no special abilities


You were on level 4 of the Dungeon.
You visited 1 branch of the dungeon, and saw 4 of its levels.

You collected 157 gold pieces.
You spent 135 gold pieces at shops.

Inventory:

Hand Weapons
 e - a +0 club
 m - a +0 eveningstar (weapon)
 n - a +0 trident
Missiles
 b - 75 stones
 f - 3 poisoned darts (quivered)
Armour
 a - a +0 robe (worn)
Jewellery
 o - an amulet of reflection (around neck)
 r - a ring of wizardry (left hand)
Scrolls
 c - a scroll of amnesia {unknown}
 h - 7 scrolls of identify {unknown}
 j - a scroll of silence {unknown}
 l - 2 scrolls of torment {unknown}
 p - 2 scrolls of vulnerability {unknown}
 q - a scroll of teleportation {unknown}
Potions
 d - a potion of mutation {unknown}
 g - a potion of lignification {unknown}
 i - 2 potions of flight {unknown}
 k - a potion of heal wounds {unknown}


   Skills:
 * Level 2.2 Fighting
 * Level 1.6 Maces & Flails
 * Level 1.7 Armour
 * Level 2.3 Dodging
 - Level 2.3 Stealth
 * Level 2.7 Spellcasting
 * Level 1.4 Conjurations
 - Level 1.2 Transmutations
 * Level 1.1 Earth Magic
 + Level 3.3 Poison Magic


You had 3 spell levels left.
You knew the following spells:

 Your Spells              Type           Power      Damage    Failure   Level
a - Sting                 Tmut/Pois      36%        1d4       3%          1
b - Poisonous Vapours     Pois/Air       14%        N/A       6%          2
c - Slow                  Hex            8%         N/A       8%          1
d - Call Imp              Summ           2%         N/A       12%         2

Your spell library contained the following spells:

 Spells                   Type           Power      Damage    Failure   Level
 Magic Dart               Conj           24%        1d4       4%          1
 Mephitic Cloud           Conj/Pois/Air  7%         N/A       12%         3
 Stone Arrow              Conj/Erth      12%        3d7       13%         3
 Confusing Touch          Hex            2%         N/A       22%         3
 Frozen Ramparts          Ice            4%         1d2       22%         3
 Vampiric Draining        Necr           2%         2d6       22%         3
 Olgreb's Toxic Radiance  Pois           12%        N/A       19%         4
 Animate Armour           Summ/Erth      8%         N/A       50%         4
 Ice Form                 Ice/Tmut       4%         N/A       50%         4
 Summon Ice Beast         Ice/Summ       2%         N/A       56%         4
 Blade Hands              Tmut           3%         N/A       75%         5
 Iron Shot                Conj/Erth      3%         9d2       99%         6
 Lehudib's Crystal Spear  Conj/Erth      3%         10d2      100%        8


Dungeon Overview and Level Annotations

Branches:
Dungeon (4/15)
 Temple: D:4-7

Altars:

Shops:
D:2 :   D:4 *


Innate Abilities, Weirdness & Mutations

You are immune to sickness and miasma.
Your stone body is resilient. (AC +4)
You are immune to poison.
You resist negative energy. (rN+)
You are resistant to electric shocks. (rElec)
You are resistant to unholy torment.
You are immune to petrification.


Message History

Your white imp dies!
Your white imp disappears in a puff of smoke!
The gnoll closely misses you.
You see here a +0 flail.
You see here a +0 mace of protection.
There is a stone staircase leading up here.
The gnoll hits you from afar with a +0 halberd.
* * * LOW HITPOINT WARNING * * *
You climb upwards.
There is a stone staircase leading down here.
HP restored.
Done exploring.
You climb downwards.
The gnoll hits you but does no damage. You block the gnoll's attack.
There is a stone staircase leading up here.
The gnoll barely misses you.
The gnoll hits you from afar with a +0 halberd.
You climb upwards.
There is a stone staircase leading down here.
HP restored.
Done exploring.
There's nothing to open nearby.
There is a stone staircase leading down here.
You climb downwards.
There is a stone staircase leading up here.
The gnoll hits you with a +0 halberd!
You barely miss the gnoll. You block the gnoll's attack.
The gnoll closely misses you. The gnoll misses you.
You block the gnoll's attack.
The gnoll hits you from afar with a +0 halberd!
* * * LOW HITPOINT WARNING * * *
The gnoll barely misses you. The gnoll barely misses you.
You block the gnoll's attack. The gnoll misses you.
The gnoll barely misses you.
There is a stone staircase leading up here.
The gnoll hits you from afar with a +0 halberd.
* * * LOW HITPOINT WARNING * * *
The gnoll hits you from afar with a +0 halberd.
You die...

####..)..........# #.# #g.##.#
..............##.# #># #..##.#
####)###.####.##.## #.# #..##.#
###...#...##......# #.#####g.##.#
.......⌠.⌠##......###.#......##.#
###...#.∩.##....#.......g...###.#
#.....⌠.⌠#####...###.#.##### #.#
##.###.#########)## #.#.# #.#
...# #....>..# #@####.#.#######.#
##.###.#####.# #..g.............#
#.....# #.# #.g..<)..#########
####.### #.# ######.###
.......♣♣♣♣♣♣♣♣♣♣####.#
######.♣P.PP.♣.P♣.....#
#............##### ##♣.P♣♣♣♣♣♣♣##
♣♣♣♣


You could see 2 gnolls.

Vanquished Creatures
  A hound (D:4)
  A bullfrog skeleton (D:3)
  4 gnolls
  3 adders (D:2)
  2 worms
  3 dart slugs
  An orc (D:3)
  2 endoplasms (D:1)
  2 giant cockroaches (D:2)
  7 hobgoblins
  A quokka (D:2)
  4 ball pythons
  5 bats
  8 frilled lizards
  5 goblins
  4 kobolds
  4 rats
57 creatures vanquished.

Vanquished Creatures (collateral kills)
  3 gnolls (D:4)
3 creatures vanquished.

Vanquished Creatures (others)
  4 plants (D:4)
4 creatures vanquished.

Grand Total: 64 creatures vanquished

Notes
Turn   | Place    | Note
-------+----------+-------------------------------------------
     0 | D:1      | southernslant the Gargoyle Venom Mage began the quest for
                  | the Orb.
     0 | D:1      | Reached XP level 1. HP: 10/10 MP: 3/3
   585 | D:1      | Reached XP level 2. HP: 14/16 MP: 5/5
  1336 | D:2      | Found Lecek's Book Emporium.
  1345 | D:2      | Reached skill level 1 in Fighting
  1345 | D:2      | Reached skill level 1 in Transmutations
  1345 | D:2      | Reached XP level 3. HP: 18/20 MP: 4/6
  1359 | D:2      | Reached skill level 1 in Armour
  1470 | D:2      | Learned a level 2 spell: Poisonous Vapours
  2316 | D:2      | Reached XP level 4. HP: 22/25 MP: 7/7
  2407 | D:2      | Found a faded altar of an unknown god.
  2948 | D:3      | Reached skill level 1 in Maces & Flails
  3804 | D:4      | Reached skill level 1 in Conjurations
  3804 | D:4      | Reached XP level 5. HP: 3/30 MP: 6/8
  4160 | D:4      | Found Diysaash's Assorted Antiques.
  4166 | D:4      | Bought a shiny iron ring for 135 gold pieces
  4174 | D:4      | Learned a level 1 spell: Slow
  4177 | D:4      | Learned a level 2 spell: Call Imp
  5060 | D:4      | Reached skill level 1 in Earth Magic
  5426 | D:4      | Slain by a gnoll

Illustrated notes

Levels and vault maps discovered:
D:1:      psy_arrival_spokes, layout_basic, chequers_serial_rivers_small_3,
          corexii_leaking_fountain, minmay_lizard_pond
D:2:      layout_basic, serial_shops, shop,
          shapermc_ecumenical_altar_notcrosses, dk_noncrumbling_3
D:3:      minmay_general_purpose_star, layout_basic
D:4:      layout_loops_ring, serial_shops, shop_fountains, serial_forest,
          infiniplex_forest_clump_tiny, infiniplex_forest_straight_5,
          infiniplex_forest_corner_2, infiniplex_forest_end_2,
          infiniplex_forest_clump_curved, infiniplex_forest_clump_cross,
          infiniplex_forest_lined_3_way, infiniplex_forest_end_2

Skill      XL: |  1  2  3  4  5 |
---------------+----------------+-----
Fighting       | 1 2 |  2.2
Transmutations | 1 |  1.2
Armour         | 1 |  1.7
Dodging        | 2 |  2.3
Maces & Flails | 1 |  1.6
Conjurations   | 1 |  1.4
Earth Magic    | 1 |  1.1
Stealth        | |  2.3
Spellcasting   | |  2.7
Poison Magic   | |  3.3

Action                   |  1- 3 |  4- 6 || total
-------------------------+-------+-------++-------
Melee: Club              |   127 |    21 ||   148
       Unarmed           |     3 |       ||     3
       Punch             |     1 |     1 ||     2
       Eveningstar       |       |    76 ||    76
Throw: Dart              |       |     1 ||     1
 Cast: Sting             |    21 |     7 ||    28
       Poisonous Vapours |     2 |       ||     2
       Call Imp          |       |     3 ||     3
       Slow              |       |     1 ||     1
 Stab: Sleeping          |     1 |     6 ||     7
Armor: Robe              |    53 |    26 ||    79
Dodge: Dodged            |   127 |    91 ||   218
Block: Other             |       |    21 ||    21

Table legend: (Time is in decaauts)
 A = Elapsed time spent in this place.
 B = Non-inter-level travel time spent in this place.
 C = Inter-level travel time spent in this place.
 D = Time resting spent in this place.
 E = Time spent auto-exploring this place.
 F = Levels seen in this place.
 G = Mean time per level.
                   A        B        C        D        E       F      G
               +--------+--------+--------+--------+--------+-----+--------+
         Total |   5508 |   5376 |    132 |      0 |   4608 |   4 | 1377.0 |
       Dungeon |   5508 |   5376 |    132 |      0 |   4608 |   4 | 1377.0 |
               +--------+--------+--------+--------+--------+-----+--------+

Top non-repeatable levels by time:
     D:3: 2104 daAuts
     D:2: 1489 daAuts
     D:1: 1347 daAuts
     D:4: 566 daAuts
